AoeStats
← 739697286

Arabia

510269097Analyzed
1v1 RM · 3d ago on Sep 30, 2026· 43m 46s· 2 players
Game mode
Random Map
Map size
Tiny (2 player)
Population
200
Speed
Normal
Resources
Standard
Victory
Conquest
Starting age
Dark Age
Ending age
Imperial Age
RankedLock teamsTeams togetherTeam positionsShared explorationLock speedFull tech treeHidden civsTurbo modeCheats
Victory
Defeat
🇭🇰 Byzantines · Hong Kong SAR China
1218
+17
🇨🇳 Celts · China
1243
-17
shanuu222
7:00 Loom
10:10 Feudal Age
10:44 Double-Bit Axe
10:41 Horse Collar
15:58 Fletching
18:48 Wheelbarrow
18:23 Scale Mail Armor
18:13 Arson
19:34 Padded Archer Armor
24:08 Castle Age
22:59 Gold Mining
25:01 Bow Saw
24:14 Crossbowman
25:00 Thumb Ring
25:36 Gold Shaft Mining
27:17 Ballistics
27:56 Bodkin Arrow
28:17 Leather Archer Armor
43:40 Imperial Age
739697286
5:58 Loom
9:15 Feudal Age
10:53 Double-Bit Axe
13:51 Man-at-Arms
18:54 Wheelbarrow
18:28 Gold Mining
23:23 Castle Age
21:40 Fletching
23:14 Forging
23:04 Scale Mail Armor
23:14 Forging
23:55 Long Swordsman
31:02 Chain Mail Armor
31:22 Iron Casting
31:03 Chain Mail Armor
31:23 Iron Casting
31:03 Chain Mail Armor
31:23 Iron Casting
30:36 Gambesons
38:42 Horse Collar
Connection lost

Rejoining the realm…

Still unreachable

The connection could not be restored.

Session expired

The server has moved on; the page needs a fresh start.